[Event "2026 Fred Maris Cup (Division A)"]
[Site "Woodvale, Perth WA AUS"]
[Date "2026.06.17"]
[Round "2"]
[White "Hagendoorn, Mark"]
[Black "Plaganyi, Gyula"]
[Result "0-1"]
[ECO "A18"]
[WhiteElo "1656"]
[BlackElo "1914"]
[BlackTitle "CM"]
[PlyCount "96"]
[EventDate "2026.06.10"]
[EventType "swiss"]
[EventRounds "6"]
[EventCountry "AUS"]
[TimeControl "3600+30"]

1. c4 Nf6 2. Nc3 e6 3. e4 Nc6 4. Nge2 d5 5. cxd5 exd5 6. d3 dxe4 7. dxe4 Qxd1+
8. Kxd1 Ng4 9. Ke1 Bc5 10. Nd5 Bxf2+ 11. Kd2 Bb6 12. Nxb6 axb6 13. Ke1 Nb4 14.
Nd4 O-O 15. Bd2 Re8 16. Bxb4 Rxe4+ 17. Be2 Rxd4 18. Bc3 Re4 19. h3 Ne3 20. Kf2
Re8 21. Bd2 Nd5 22. a3 Be6 23. g4 Rad8 24. Bg5 f6 25. Bh4 Nf4 26. Rae1 Bd5 27.
Rh2 c6 28. Bg3 Nxe2 29. Rxe2 Rxe2+ 30. Kxe2 b5 31. Ke3 Kf7 32. h4 Re8+ 33. Kf2
Re4 34. g5 b4 35. gxf6 bxa3 36. bxa3 gxf6 37. Bd6 Ke6 38. Bf8 b5 39. Rh3 f5 40.
h5 Rc4 41. Re3+ Be4 42. Rg3 Rc2+ 43. Kg1 f4 44. Rg7 f3 45. Re7+ Kd5 46. Bg7
Rg2+ 47. Kf1 Bd3+ 48. Ke1 f2+ 0-1

[Event "2026 Fred Maris Cup (Division A)"]
[Site "Woodvale, Perth WA AUS"]
[Date "2026.06.17"]
[Round "2"]
[White "Smith, Douglas"]
[Black "Maris, Rob"]
[Result "0-1"]
[ECO "A30"]
[WhiteElo "1463"]
[BlackElo "1998"]
[PlyCount "68"]
[EventDate "2026.06.10"]
[EventType "swiss"]
[EventRounds "6"]
[EventCountry "AUS"]
[TimeControl "3600+30"]

1. Nf3 Nf6 2. g3 b6 3. Bg2 Bb7 4. O-O g6 5. c4 c5 6. d3 Bg7 7. Nc3 O-O 8. e3 d6
9. d4 Ne4 10. Nxe4 Bxe4 11. Ng5 Bxg2 12. Kxg2 e5 13. Nf3 e4 14. Nd2 f5 15. f3
cxd4 16. exd4 Re8 17. fxe4 fxe4 18. Nb3 Nc6 19. a3 Qe7 20. Be3 a5 21. Nc1 Rab8
22. Ne2 b5 23. b3 bxc4 24. bxc4 Rb2 25. Rb1 {(=)} Reb8 26. Rxb2 Rxb2 27. Kg1
Qa7 28. Rf4 Ne5 29. Qa4 h5 30. Qd1 Nxc4 31. Rxe4 d5 32. Re8+ Kf7 33. Qa4 Rxe2
34. Bg5 Qxd4+ 0-1

[Event "2026 Fred Maris Cup (Division A)"]
[Site "Woodvale, Perth WA AUS"]
[Date "2026.06.17"]
[Round "2"]
[White "Michael, Ashley"]
[Black "Elkington, Derek"]
[Result "1/2-1/2"]
[ECO "B20"]
[WhiteElo "1663"]
[BlackElo "1815"]
[PlyCount "43"]
[EventDate "2026.06.10"]
[EventType "swiss"]
[EventRounds "6"]
[EventCountry "AUS"]
[TimeControl "3600+30"]

1. e4 c5 2. a3 a6 3. b4 b6 4. Bb2 Nc6 5. b5 axb5 6. Bxb5 Bb7 7. Nf3 e6 8. O-O
Ra5 9. Nc3 Qc7 10. Re1 Nd4 11. a4 Nf6 12. d3 Bd6 13. h3 O-O 14. Bc4 Nxf3+ 15.
Qxf3 Be5 16. Nb5 Qb8 17. Bxe5 Qxe5 18. Bb3 Rfa8 19. Na3 b5 20. Rab1 Ba6 21.
Nxb5 Bxb5 22. axb5 1/2-1/2

[Event "2026 Fred Maris Cup (Division A)"]
[Site "Woodvale, Perth WA AUS"]
[Date "2026.06.17"]
[Round "2"]
[White "Batahena, Ayun"]
[Black "Leonhardt, Wolfgang"]
[Result "0-1"]
[ECO "C02"]
[WhiteElo "1549"]
[BlackElo "1702"]
[PlyCount "58"]
[EventDate "2026.06.10"]
[EventType "swiss"]
[EventRounds "6"]
[EventCountry "AUS"]
[TimeControl "3600+30"]

1. e4 e6 2. d4 d5 3. e5 c5 4. Nf3 Nc6 5. Be3 cxd4 6. Bxd4 Nge7 7. Nc3 Nf5 8.
Bb5 Bd7 9. Bxc6 bxc6 10. Na4 Qa5+ 11. c3 c5 12. Nxc5 Bxc5 13. b4 Bxb4 14. cxb4
Qxb4+ 15. Qd2 Qxd2+ 16. Kxd2 Bb5 17. Rab1 Nxd4 18. Nxd4 Bc4 19. a3 O-O 20. Nc6
a5 21. Rb7 g5 22. Rhb1 Kg7 23. Rc7 a4 24. Rbb7 Rac8 25. Nd4 Kg6 26. Re7 Rb8 27.
Rbc7 Rb2+ 28. Ke3 Ra2 29. g4 Rxa3+ 0-1

[Event "2026 Fred Maris Cup (Division A)"]
[Site "Woodvale, Perth WA AUS"]
[Date "2026.06.17"]
[Round "2"]
[White "Lowson, Jeremy"]
[Black "Sheikh, Suhail"]
[Result "1-0"]
[ECO "B08"]
[WhiteElo "1504"]
[BlackElo "1691"]
[PlyCount "99"]
[EventDate "2026.06.10"]
[EventType "swiss"]
[EventRounds "6"]
[EventCountry "AUS"]
[TimeControl "3600+30"]

1. e4 g6 2. d4 Bg7 3. Nf3 d6 4. Bc4 Nf6 5. Nc3 Bg4 6. e5 dxe5 7. Bxf7+ Kxf7 8.
Nxe5+ Ke8 9. Nxg4 Nc6 10. d5 Nb4 11. Nxf6+ Bxf6 12. Ne4 Nxd5 13. Nxf6+ exf6 14.
O-O Kf7 15. Re1 Kg7 16. c4 Ne7 17. Qxd8 Raxd8 18. Bf4 Rd7 19. h3 c6 20. Rad1
Rxd1 21. Rxd1 g5 22. Be3 Nf5 23. Rd7+ Kg6 24. Rxb7 a5 25. Ra7 Nd6 26. b3 Ne4
27. Rxa5 Rd8 28. b4 Nd6 29. Rc5 Rc8 30. b5 Nb7 31. Rxc6 Rxc6 32. bxc6 Nd6 33.
c7 Kf7 34. Bb6 Ke8 35. c5 Nc8 36. a4 Kd7 37. a5 Kc6 38. a6 f5 39. a7 Kb7 40. f3
h6 41. Kf2 h5 42. Ke3 Ne7 43. g4 hxg4 44. hxg4 fxg4 45. fxg4 Nd5+ 46. Ke4 Ne7
47. Ke5 Nc8 48. Ke6 Ka8 49. Kf6 Kb7 50. Kxg5 1-0

[Event "2026 Fred Maris Cup (Division A)"]
[Site "Woodvale, Perth WA AUS"]
[Date "2026.06.17"]
[Round "2"]
[White "Hapugala, Amila"]
[Black "Brophy, Gavin"]
[Result "0-1"]
[ECO "D02"]
[WhiteElo "1666"]
[BlackElo "1430"]
[PlyCount "114"]
[EventDate "2026.06.10"]
[EventType "swiss"]
[EventRounds "6"]
[EventCountry "AUS"]
[TimeControl "3600+30"]

1. d4 d5 2. Nf3 c5 3. c3 Nc6 4. Bf4 Bf5 5. e3 e6 6. Qb3 Qb6 7. Nbd2 Nf6 8. h3
Ne4 9. Be2 cxd4 10. exd4 Be7 11. Qxb6 axb6 12. Bc7 Bd8 13. Bxd8 Nxd8 14. Ne5
Nxd2 15. Kxd2 Nc6 16. Bb5 Rc8 17. Rhf1 h5 18. Rae1 Ke7 19. Nd3 Ra8 20. Bxc6
bxc6 21. Nb4 Kd6 22. a3 c5 23. Nc2 g5 24. Re3 g4 25. h4 Rhg8 26. g3 Be4 27. c4
Bxc2 28. Kxc2 Ra4 29. dxc5+ bxc5 30. cxd5 exd5 31. Rfe1 Rc4+ 32. Rc3 Rxc3+ 33.
Kxc3 Rb8 34. b3 Ra8 35. a4 Rb8 36. Kc2 d4 37. Re4 f5 38. Re2 d3+ 39. Kxd3 Rxb3+
40. Kc2 Ra3 41. Rd2+ Kc6 42. Kb2 Rxa4 43. Rd8 Rd4 44. Rc8+ Kd5 45. Kc3 f4 46.
Rh8 fxg3 47. Rxh5+ Ke4 48. fxg3 Rd3+ 49. Kc4 Rxg3 50. Rxc5 Rh3 51. h5 g3 52.
Rg5 Kf4 53. Rg7 Rxh5 54. Kd3 Kf3 55. Kd2 g2 56. Rf7+ Kg3 57. Rg7+ Kh2 0-1

[Event "2026 Fred Maris Cup (Division B)"]
[Site "Woodvale, Perth WA AUS"]
[Date "2026.06.17"]
[Round "2"]
[White "Porteus, Grant"]
[Black "Pass, Tony"]
[Result "0-1"]
[ECO "B12"]
[WhiteElo "1356"]
[BlackElo "1370"]
[PlyCount "60"]
[EventDate "2026.06.10"]
[EventType "tourn"]
[EventRounds "5"]
[EventCountry "AUS"]
[TimeControl "3600+30"]

1. e4 c6 2. d4 d5 3. f3 e6 4. e5 Ne7 5. h4 b6 6. Bd3 Ba6 7. Bxa6 Nxa6 8. c3 Nc7
9. g4 Nc8 10. Be3 Be7 11. Bf2 b5 12. Qc2 Nb6 13. Nd2 Qd7 14. g5 Nc4 15. b4 a5
16. Nxc4 dxc4 17. Rb1 Nd5 18. bxa5 Rxa5 19. Ne2 Qa7 20. Ra1 Ra3 21. Kd2 Qa5 22.
Rhb1 Kd7 23. Be1 Rb8 24. Qxh7 Nxc3 25. Nxc3 Qxc3+ 26. Kd1 Qxf3+ 27. Kc2 Qe2+
28. Bd2 b4 29. Kc1 c3 30. Bxc3 Rxc3+ 0-1

[Event "2026 Fred Maris Cup (Division B)"]
[Site "Woodvale, Perth WA AUS"]
[Date "2026.07.08"]
[Round "2"]
[White "Mohamed, Abdullah"]
[Black "Newbold, Christian"]
[Result "1-0"]
[ECO "E04"]
[WhiteElo "1449"]
[BlackElo "1382"]
[PlyCount "101"]
[EventDate "2026.06.10"]
[EventType "tourn"]
[EventRounds "5"]
[EventCountry "AUS"]
[TimeControl "3600+30"]

1. d4 d5 2. Nf3 Nf6 3. g3 e6 4. c4 Nc6 5. Bg2 dxc4 6. Qa4 Bd6 7. O-O O-O 8.
Qxc4 Re8 9. Rd1 Qd7 10. Nc3 a6 11. Ne5 Bxe5 12. dxe5 Nxe5 13. Rxd7 Nxc4 14.
Rxc7 Nd6 15. e4 e5 16. Be3 b5 17. Bc5 Nb7 18. Nd5 Nxd5 19. exd5 Nxc5 20. Rxc5
e4 21. Re1 Bf5 22. d6 Rac8 23. Rc7 Rcd8 24. Rd1 Kf8 25. Ra7 Bd7 26. Rxa6 e3 27.
fxe3 Rxe3 28. Bc6 g6 29. Ra8 Rxa8 30. Bxa8 f5 31. Kf2 Re5 32. Rd5 Rxd5 33. Bxd5
Ke8 34. Ke3 Kd8 35. Kf4 h6 36. Bf7 g5+ 37. Ke5 g4 38. Bg6 Kc8 39. Bxf5 h5 40.
Bxd7+ Kxd7 41. Kf5 Kxd6 42. Kg5 Kc5 43. Kxh5 Kc4 44. Kxg4 b4 45. h4 Kd3 46. h5
Kc2 47. h6 Kxb2 48. h7 Kxa2 49. h8=Q b3 50. Qa8+ Kb1 51. Qb7 1-0

[Event "2026 Fred Maris Cup (Division C)"]
[Site "Woodvale, Perth WA AUS"]
[Date "2026.06.17"]
[Round "2"]
[White "Walker, Colin"]
[Black "Kereopa, Seth"]
[Result "1-0"]
[ECO "B50"]
[WhiteElo "1325"]
[BlackElo "1288"]
[PlyCount "105"]
[EventDate "2026.06.10"]
[EventType "tourn"]
[EventRounds "5"]
[EventCountry "AUS"]
[TimeControl "3600+30"]

1. e4 c5 2. Nf3 d6 3. b3 Nf6 4. d3 g6 5. Bb2 Bg7 6. Nbd2 O-O 7. h3 Nc6 8. Be2
e6 9. c4 d5 10. cxd5 exd5 11. exd5 Qxd5 12. O-O Bf5 13. Nc4 Rad8 14. Ne3 Qd7
15. Nxf5 Qxf5 16. Ne1 Rfe8 17. Nc2 Nd4 18. Nxd4 cxd4 19. Bf3 b6 20. Rc1 Nd5 21.
Bxd5 Rxd5 22. Rc2 Be5 23. Bc1 Bf4 24. Bxf4 Qxf4 25. Re1 Rxe1+ 26. Qxe1 Rg5 27.
Qe4 Qxe4 28. dxe4 Ra5 29. f3 Kg7 30. Kf2 Rc5 31. Rd2 Kf6 32. f4 g5 33. Kf3 Rc3+
34. Kg4 d3 35. g3 h5+ 36. Kxh5 gxf4 37. gxf4 Rc2 38. Rxd3 Rxa2 39. Kg4 Kg7 40.
Kg3 a5 41. h4 b5 42. Rd5 b4 43. Kg4 Ra3 44. Rb5 Rxb3 45. Rxa5 Rb1 46. Rb5 b3
47. Kf5 b2 48. Rb6 Rh1 49. Rxb2 Rxh4 50. Rg2+ Kf8 51. Rg4 Rh8 52. e5 Ke7 53.
Rg7 {Scoresheet not clear} 1-0

[Event "2026 Fred Maris Cup (Division C)"]
[Site "Woodvale, Perth WA AUS"]
[Date "2026.07.08"]
[Round "2"]
[White "Brooke, John"]
[Black "Gough, Sebastian"]
[Result "1-0"]
[WhiteElo "1250"]
[BlackElo "1244"]
[PlyCount "131"]
[EventDate "2026.06.10"]
[EventType "tourn"]
[EventRounds "5"]
[EventCountry "AUS"]
[TimeControl "3600+30"]

1. e3 d5 2. c3 Nf6 3. d3 e6 4. Nf3 c5 5. Bd2 Bd6 6. Be2 Qc7 7. b4 cxb4 8. cxb4
O-O 9. a3 a6 10. Bc3 Ng4 11. Ra2 Bxh2 12. Nxh2 Nxh2 13. g3 e5 14. Rxh2 Be6 15.
d4 Bf5 16. Ba1 Bxb1 17. Qxb1 e4 18. Kd2 Qb6 19. Qh1 h6 20. g4 f6 21. f3 Nc6 22.
fxe4 Nxb4 23. axb4 Qxb4+ 24. Bc3 Qb3 25. Rc2 Rac8 26. Qc1 dxe4 27. Rb2 Qf7 28.
Rc2 Qb3 29. Qf1 b5 30. Qa1 b4 31. Qa2 bxc3+ 32. Kc1 Qxa2 33. Rxa2 Rfd8 34. Bxa6
Rb8 35. Bc4+ Kh8 36. Ra3 Rdc8 37. Ba6 Ra8 38. Rha2 Rc7 39. Be2 Rxa3 40. Rxa3
Kh7 41. Kc2 Kg6 42. Rxc3 Rxc3+ 43. Kxc3 f5 44. d5 fxg4 45. Bxg4 Kf6 46. Kd4 Ke7
47. Ke5 g6 48. d6+ Kd8 49. Kxe4 h5 50. Be6 g5 51. Kf5 g4 52. Kg5 g3 53. Bh3 g2
54. Bxg2 Kd7 55. Kxh5 Kxd6 56. Kg5 Ke5 57. e4 Ke6 58. Kf4 Kf6 59. Bh3 Ke7 60.
Ke5 Kf7 61. Kd6 Ke8 62. e5 Kd8 63. Bf5 Ke8 64. Bg6+ Kd8 65. e6 Kc8 66. e7 1-0

[Event "2026 Fred Maris Cup (Division D)"]
[Site "Woodvale, Perth WA AUS"]
[Date "2026.06.17"]
[Round "2"]
[White "Young, Manfred"]
[Black "Powell, Darren"]
[Result "0-1"]
[ECO "A28"]
[WhiteElo "1145"]
[BlackElo "1164"]
[PlyCount "33"]
[EventDate "2026.06.10"]
[EventType "tourn"]
[EventRounds "5"]
[EventCountry "AUS"]
[TimeControl "3600+30"]

1. c4 e5 2. Nc3 Nc6 3. Nf3 Nf6 4. d3 h6 5. e4 Bc5 6. h3 d6 7. a3 a6 8. Be2 Bd7
9. O-O O-O 10. Nh2 Nd4 11. Bg4 Bc6 12. Bf5 Nxf5 13. exf5 Qd7 14. Kh1 Qxf5 15.
f3 Qg6 16. Ne4 Nh5 17. Qe1 0-1

[Event "2026 Fred Maris Cup (Division D)"]
[Site "Woodvale, Perth WA AUS"]
[Date "2026.06.17"]
[Round "2"]
[White "Owen, Geoffrey"]
[Black "Tyler, Jason"]
[Result "0-1"]
[ECO "B15"]
[WhiteElo "1195"]
[BlackElo "1183"]
[PlyCount "78"]
[EventDate "2026.06.10"]
[EventType "tourn"]
[EventRounds "5"]
[EventCountry "AUS"]
[TimeControl "3600+30"]

1. e4 c6 2. d4 d5 3. Nc3 e6 4. Nf3 h6 5. Ne5 Nf6 6. Bd3 Nbd7 7. Bf4 c5 8. dxc5
Bxc5 9. O-O O-O 10. exd5 exd5 11. Nb5 a6 12. Nd6 Bxd6 13. Ng6 Re8 14. Bxd6 fxg6
15. Bxg6 Re6 16. Bf4 Nf8 17. Bh5 N6h7 18. Qf3 Rf6 19. Qg3 Ne6 20. Be5 Rf5 21.
Bg6 Rg5 22. Bf7+ Kxf7 23. Qf3+ Kg8 24. Qe3 Qe8 25. f4 Rf5 26. Rf3 Qf7 27. Raf1
Bd7 28. Rg3 Nhg5 29. Bxg7 Nxg7 30. Rg4 Re8 31. Qb6 Bc6 32. Qb4 Qe6 33. h4 Qe3+
34. Kh1 Qe2 35. Rxg5 Qxf1+ 36. Kh2 hxg5 37. hxg5 Rxf4 38. Qc3 Rh4+ 39. Kg3 Qf4#
0-1

[Event "2026 Fred Maris Cup (Division E)"]
[Site "Woodvale, Perth WA AUS"]
[Date "2026.06.17"]
[Round "2"]
[White "Rennie, Mike"]
[Black "Ayles, Jesse"]
[Result "0-1"]
[ECO "A45"]
[WhiteElo "886"]
[BlackElo "968"]
[PlyCount "72"]
[EventDate "2026.06.10"]
[EventType "tourn"]
[EventRounds "5"]
[EventCountry "AUS"]
[TimeControl "3600+30"]

1. d4 d6 2. e3 Nf6 3. f3 g6 4. Bd3 Bg7 5. Ne2 O-O 6. O-O Nc6 7. c3 Re8 8. Nd2
a6 9. b4 Nd5 10. Nb3 e5 11. Bd2 exd4 12. e4 dxc3 13. Bc1 c2 14. Qxc2 Ndxb4 15.
Qb1 Nxd3 16. Qxd3 Bxa1 17. Ba3 Ne5 18. Qb1 Nc4 19. Bc1 Bg7 20. Kh1 d5 21. Rd1
c6 22. Qd3 Be6 23. Ng3 dxe4 24. Qe2 exf3 25. gxf3 Bd5 26. Qd3 Nb2 27. Bxb2 Bxb2
28. Qd2 Bxf3+ 29. Kg1 Qxd2 30. Rxd2 Bg7 31. Nf1 Rad8 32. Rf2 Rd3 33. Nc1 Rc3
34. Nb3 Rxb3 35. axb3 Bd4 36. Nd2 Re1+ 0-1

[Event "2026 Fred Maris Cup (Division E)"]
[Site "Woodvale, Perth WA AUS"]
[Date "2026.06.17"]
[Round "2"]
[White "Overste, Brian"]
[Black "Golshiriour, Mohsen"]
[Result "0-1"]
[ECO "C55"]
[WhiteElo "1068"]
[BlackElo "1041"]
[PlyCount "56"]
[EventDate "2026.06.10"]
[EventType "tourn"]
[EventRounds "5"]
[EventCountry "AUS"]
[TimeControl "3600+30"]

1. e4 e5 2. Bc4 Nf6 3. d3 Nc6 4. Nf3 Bb4+ 5. Nbd2 O-O 6. a3 Ba5 7. b4 Bb6 8. c3
d6 9. Bb5 Bd7 10. a4 a6 11. Bc4 Ng4 12. O-O Be6 13. Bb3 d5 14. h3 dxe4 15. Ne1
Bxf2+ 16. Rxf2 Nxf2 17. Kxf2 Qh4+ 18. Kg1 e3 19. Ne4 Bxb3 20. Nf3 Qxe4 21. Ng5
e2 22. Qe1 Qxd3 23. Bd2 Rad8 24. Qh4 h6 25. Nf3 e4 26. Qg3 exf3 27. Bxh6 Qg6
28. Qxg6 Rd1+ 0-1

[Event "2026 Fred Maris Cup (Division E)"]
[Site "Woodvale, Perth WA AUS"]
[Date "2026.06.17"]
[Round "2"]
[White "Frankland, David"]
[Black "Jayasinghe, Attiligoda"]
[Result "0-1"]
[ECO "C20"]
[WhiteElo "1092"]
[BlackElo "903"]
[PlyCount "90"]
[EventDate "2026.06.10"]
[EventType "tourn"]
[EventRounds "5"]
[EventCountry "AUS"]
[TimeControl "3600+30"]

1. e4 e5 2. h3 Nf6 3. d3 Nc6 4. c3 Be7 5. b3 d5 6. Qf3 dxe4 7. dxe4 Nd4 8. cxd4
Qxd4 9. Qc3 Bb4 10. Qxb4 Qxb4+ 11. Bd2 Qxe4+ 12. Ne2 O-O 13. f3 Qh4+ 14. g3 Qh5
15. Bg2 b6 16. Nbc3 Bb7 17. Ng1 Qg6 18. g4 Qd3 19. O-O-O Rad8 20. Bf1 Qd4 21.
Nge2 Qc5 22. Kb2 Bxf3 23. Na4 Qe7 24. Rh2 Ne4 25. Kc1 Qa3+ 26. Nb2 Nxd2 27.
Rxd2 Rxd2 28. Kxd2 Qxb2+ 29. Ke3 Bb7 30. Rf2 Qxa2 31. Nc1 Qb1 32. Nd3 Qxb3 33.
Rb2 Qxb2 34. Nxb2 a5 35. Bc4 Rd8 36. Na4 Bc6 37. Nc3 a4 38. Nb1 b5 39. Bd3 e4
40. Bc2 b4 41. Kf4 b3 42. Bxe4 Bxe4 43. Kxe4 c5 44. Nc3 a3 45. Ke3 a2 0-1

[Event "2026 Fred Maris Cup (Division A)"]
[Site "Woodvale, Perth WA AUS"]
[Date "2026.06.24"]
[Round "3"]
[White "Hernandez Mendez, Iker"]
[Black "Davoll, Josh"]
[Result "1-0"]
[ECO "B29"]
[WhiteElo "2060"]
[BlackElo "2014"]
[PlyCount "99"]
[EventDate "2026.06.10"]
[EventType "swiss"]
[EventRounds "6"]
[EventCountry "AUS"]
[TimeControl "3600+30"]

1. e4 c5 2. Nf3 Nf6 3. e5 Nd5 4. Nc3 e6 5. b3 d6 6. Nxd5 exd5 7. Bb2 Nc6 8. Bb5
Bg4 9. O-O Qb6 10. Bxc6+ Qxc6 11. h3 Bh5 12. exd6 O-O-O 13. d4 Bxd6 14. dxc5
Bxc5 15. g4 Bg6 16. Bxg7 Rhg8 17. Bd4 f5 18. Bxc5 fxg4 19. Nd4 Qxc5 20. hxg4
Qe7 21. Qd2 Qh4 22. Qc3+ Kb8 23. Qg3+ Qxg3+ 24. fxg3 Be4 25. Rf4 h5 26. g5 Rxg5
27. Kf2 Rdg8 28. Rg1 Rg4 29. c3 Rxf4+ 30. gxf4 Rxg1 31. Kxg1 Kc8 32. Kh2 Kd7
33. Kg3 Ke7 34. Kh4 Bg6 35. Kg5 Bf7 36. Nf5+ Kd7 37. Ng7 b5 38. Nxh5 b4 39.
cxb4 Kc6 40. Ng3 Kb5 41. Kf6 Bg8 42. f5 Bh7 43. Ke5 Bxf5 44. Nxf5 Kxb4 45. Kxd5
a5 46. Nd4 a4 47. Nc2+ Ka5 48. Kc6 a3 49. b4+ Ka4 50. b5 1-0

[Event "2026 Fred Maris Cup (Division A)"]
[Site "Woodvale, Perth WA AUS"]
[Date "2026.06.24"]
[Round "3"]
[White "Fokaite, Gabriele"]
[Black "Selby, Michael"]
[Result "1-0"]
[ECO "C50"]
[WhiteElo "1977"]
[BlackElo "2048"]
[PlyCount "64"]
[EventDate "2026.06.10"]
[EventType "swiss"]
[EventRounds "6"]
[EventCountry "AUS"]
[TimeControl "3600+30"]

1. e4 e5 2. Nc3 Bc5 3. Nf3 d6 4. Bc4 Be6 5. Bxe6 fxe6 6. O-O Nc6 7. d3 Nf6 8.
h3 O-O 9. Na4 Bb6 10. Nxb6 axb6 11. Bg5 Qe8 12. c3 Qg6 13. Qd2 h6 14. Be3 Nxe4
15. Qe2 Nc5 16. Rfd1 e4 17. dxe4 Qxe4 18. Nd2 Qg6 19. Nf3 e5 20. Nh4 Qf6 21.
Qg4 Ne7 22. b4 Ra4 23. f4 Ne6 24. fxe5 Qxe5 25. Bxh6 Rf6 26. Bd2 Nf5 27. Ng6
Qb5 28. Rf1 Qe8 29. Nh4 Nh6 30. Bxh6 Rxh6 31. Nf5 Rh5 32. Ne7+ Kh7 {Black's
time expired} 1-0

[Event "2026 Fred Maris Cup (Division A)"]
[Site "Woodvale, Perth WA AUS"]
[Date "2026.06.24"]
[Round "3"]
[White "Maris, Rob"]
[Black "Plaganyi, Gyula"]
[Result "1/2-1/2"]
[ECO "A10"]
[WhiteElo "1998"]
[BlackElo "1914"]
[BlackTitle "CM"]
[PlyCount "61"]
[EventDate "2026.06.10"]
[EventType "swiss"]
[EventRounds "6"]
[EventCountry "AUS"]
[TimeControl "3600+30"]

1. c4 e6 2. Nf3 f5 3. b3 Nf6 4. Bb2 Be7 5. g3 d5 6. Bg2 c6 7. d3 Nbd7 8. Nbd2
O-O 9. Qc2 a5 10. h4 Qb6 11. Bd4 c5 12. Bb2 d4 13. a4 Ng4 14. Bh3 Nde5 15. Nxe5
Nxe5 16. f4 Nc6 17. Nf3 Qc7 18. O-O-O e5 19. fxe5 Nxe5 20. Nxe5 Qxe5 21. Rdg1
Bd7 22. Kb1 Bc6 23. Bg2 Rac8 24. Bc1 b6 25. Bf4 Qe6 26. Bxc6 Rxc6 27. Re1 Bd6
28. e3 dxe3 29. Rxe3 Qf6 30. Bxd6 Rxd6 31. Qb2 1/2-1/2

[Event "2026 Fred Maris Cup (Division A)"]
[Site "Woodvale, Perth WA AUS"]
[Date "2026.06.24"]
[Round "3"]
[White "Brand, Drew"]
[Black "Clarke, Daniel"]
[Result "1-0"]
[ECO "C44"]
[WhiteElo "1931"]
[BlackElo "1855"]
[PlyCount "75"]
[EventDate "2026.06.10"]
[EventType "swiss"]
[EventRounds "6"]
[EventCountry "AUS"]
[TimeControl "3600+30"]

1. e4 e5 2. Nf3 Nc6 3. c3 d5 4. Qa4 dxe4 5. Nxe5 Qd5 6. Nxc6 Bd7 7. Nb4 Qg5 8.
Qd1 e3 9. dxe3 O-O-O 10. Qe2 f5 11. Na3 Nf6 12. f3 Ba4 13. b3 Bxb4 14. cxb4
Qh4+ 15. g3 Qxb4+ 16. Kf2 Bc6 17. Qc4 Ng4+ 18. fxg4 Qxc4 19. Bxc4 Bxh1 20. Be6+
Kb8 21. gxf5 Rd1 22. Nc4 Rhd8 23. Ke2 Bg2 24. Nd2 Rh1 25. Nf3 Rdd1 26. Bb2
Bxf3+ 27. Kxf3 Rxa1 28. Bxg7 Raf1+ 29. Kg2 Rfg1+ 30. Kh3 c6 31. Be5+ Ka8 32. f6
Rd1 33. Bd4 Rd2 34. Bf5 h5 35. Kh4 Rhxh2+ 36. Kg5 c5 37. f7 cxd4 38. f8=R# 1-0

[Event "2026 Fred Maris Cup (Division A)"]
[Site "Woodvale, Perth WA AUS"]
[Date "2026.06.24"]
[Round "3"]
[White "Mahanidis, Jet"]
[Black "Gough, Dylan"]
[Result "1/2-1/2"]
[ECO "C01"]
[WhiteElo "1666"]
[BlackElo "1775"]
[PlyCount "148"]
[EventDate "2026.06.10"]
[EventType "swiss"]
[EventRounds "6"]
[EventCountry "AUS"]
[TimeControl "3600+30"]

1. e4 e6 2. d4 d5 3. exd5 exd5 4. Nf3 Nf6 5. Bd3 Be7 6. O-O O-O 7. Nbd2 Bg4 8.
Re1 a6 9. b3 Nbd7 10. Bb2 b5 11. Nf1 c5 12. dxc5 Bxc5 13. Ne3 Qb6 14. a3 Rfe8
15. Qd2 Bxf3 16. gxf3 Qb7 17. Nf5 Kh8 18. Qg5 Rg8 19. Bd4 Bxd4 20. Nd6 Ne5 21.
Rxe5 Qd7 22. Rxd5 Nxd5 23. Qxd5 Rgf8 24. Qxd4 f6 25. Qh4 g5 26. Qh5 Ra7 27. Nf5
Qe8 28. Qg4 Qe5 29. Qd4 Qxd4 30. Nxd4 Re7 31. Be4 h5 32. Rd1 Rd7 33. c3 f5 34.
Bc6 Rd6 35. Re1 Rc8 36. Re8+ Rxe8 37. Bxe8 h4 38. Bf7 Rf6 39. Be6 f4 40. Kg2
Kg7 41. Kh3 Kg6 42. Kg4 Rf8 43. Bd5 Rc8 44. Nc6 Kf6 45. c4 bxc4 46. bxc4 Re8
47. Be4 a5 48. Nxa5 Rd8 49. c5 Rd1 50. Nc4 Rc1 51. Bd5 Rg1+ 52. Kh5 h3 53. c6
Ke7 54. Ne5 Kd6 55. Nc4+ Kc7 56. Be6 Rg2 57. Bxh3 Rxh2 58. Kg4 Kxc6 {(=)} 59.
Ne5+ Kd5 60. Nf7 Rxf2 61. Nxg5 Ke5 62. Nf7+ Kf6 63. Nd6 Ke5 64. Nc4+ Kd4 65.
Nb6 Ke3 {(=)} 66. Nd5+ Kd4 67. Nxf4 Ra2 68. Ne6+ Ke5 69. Kg5 Rxa3 70. f4+ Kd6
71. f5 Rxh3 72. Nf4 Rg3+ 73. Kf6 Rf3 74. Ng6 Rxf5+ 1/2-1/2

[Event "2026 Fred Maris Cup (Division A)"]
[Site "Woodvale, Perth WA AUS"]
[Date "2026.06.24"]
[Round "3"]
[White "Deng, Eric"]
[Black "Weijermars, Tristan"]
[Result "0-1"]
[ECO "C02"]
[WhiteElo "1735"]
[BlackElo "1608"]
[PlyCount "26"]
[EventDate "2026.06.10"]
[EventType "swiss"]
[EventRounds "6"]
[EventCountry "AUS"]
[TimeControl "3600+30"]

1. e4 e6 2. d4 d5 3. e5 c5 4. c3 Nc6 5. Nf3 cxd4 6. cxd4 Bb4+ 7. Bd2 Qb6 8. a3
Bxd2+ 9. Qxd2 Nge7 10. Bd3 Bd7 11. Qc3 Rc8 12. b4 Nxe5 13. Qb2 Nxd3+ 0-1

[Event "2026 Fred Maris Cup (Division A)"]
[Site "Woodvale, Perth WA AUS"]
[Date "2026.06.24"]
[Round "3"]
[White "Elkington, Derek"]
[Black "Lowson, Jeremy"]
[Result "1-0"]
[ECO "C45"]
[WhiteElo "1815"]
[BlackElo "1504"]
[PlyCount "63"]
[EventDate "2026.06.10"]
[EventType "swiss"]
[EventRounds "6"]
[EventCountry "AUS"]
[TimeControl "3600+30"]

1. e4 e5 2. Nf3 Nc6 3. d4 exd4 4. Nxd4 Bc5 5. Nb3 Bb6 6. Nc3 d6 7. Bf4 Be6 8.
Nd5 Bxd5 9. exd5 Ne5 10. Bxe5 Qe7 11. Bb5+ Kd8 12. O-O dxe5 13. Rc1 a6 14. Be2
Nf6 15. c4 Ne4 16. Bf3 Nc5 17. Re1 f5 18. Nd4 Qf6 19. Ne6+ Ke7 20. Nf4 Kf7 21.
Nh5 Qe7 22. b4 Nd7 23. c5 Ba7 24. Qb3 Kf8 25. Nf4 g6 26. Ne6+ Kf7 27. Nxc7 Kg7
28. Nxa8 Rxa8 29. d6 Qf6 30. Bxb7 Rb8 31. c6 Qxd6 32. Red1 1-0

[Event "2026 Fred Maris Cup (Division A)"]
[Site "Woodvale, Perth WA AUS"]
[Date "2026.06.24"]
[Round "3"]
[White "Leech, Martin"]
[Black "Michael, Ashley"]
[Result "1-0"]
[ECO "B03"]
[WhiteElo "1685"]
[BlackElo "1663"]
[PlyCount "27"]
[EventDate "2026.06.10"]
[EventType "swiss"]
[EventRounds "6"]
[EventCountry "AUS"]
[TimeControl "3600+30"]

1. e4 Nf6 2. e5 Nd5 3. d4 b5 4. Bxb5 c5 5. Bc4 cxd4 6. Bxd5 Qa5+ 7. Nc3 dxc3 8.
b4 Qb5 9. Bxa8 Ba6 10. Ne2 Qxe5 11. Bf3 Nc6 12. O-O e6 13. a3 g5 14. Re1 1-0

[Event "2026 Fred Maris Cup (Division A)"]
[Site "Woodvale, Perth WA AUS"]
[Date "2026.06.24"]
[Round "3"]
[White "Curtis, Calan"]
[Black "Smith, Douglas"]
[Result "1-0"]
[ECO "B00"]
[WhiteElo "1704"]
[BlackElo "1463"]
[PlyCount "53"]
[EventDate "2026.06.10"]
[EventType "swiss"]
[EventRounds "6"]
[EventCountry "AUS"]
[TimeControl "3600+30"]

1. d4 b6 2. e4 Bb7 3. Nc3 e6 4. Be3 Bb4 5. f3 Ne7 6. Nge2 d5 7. a3 Bxc3+ 8.
Nxc3 dxe4 9. fxe4 O-O 10. Qd2 Nd7 11. Bd3 f5 12. Bc4 fxe4 13. Bxe6+ Kh8 14.
O-O-O Nf6 15. d5 Nc8 16. Bd4 Nd6 17. g4 Nc4 18. Qg2 Qe7 19. g5 Nh5 20. g6 Nf4
21. Qg4 Nxg6 22. Qxe4 Qg5+ 23. Kb1 Nd2+ 24. Rxd2 Qxd2 25. Be3 Bxd5 26. Bxd5
Rae8 27. Qxe8 1-0